MID
DAYTON DRAGONS @ SOUTH BEND CUBS
05/20/2099
 
TOP OF THE 1ST
Dayton Dragons batting - Pitching for South Bend Cubs : LHP Jim Unknown
Pitching: LHP Jim Unknown
Batting: LHB Liosvany Koehler 0-0: SINGLE (Groundball, 6MD, EV 99.4 MPH)
Batting: LHB Troy Gallagher 0-0: Ball
1-0: Fielders Choice at 2nd, 2-6 (Groundball, 2R, EV 75.6 MPH)
Batting: SHB Ray Bennett 0-0: Called Strike
0-1: Foul Ball, location: 25F
0-2: Ball
1-2: Fly out, F4 (Line Drive, 4, EV 71.9 MPH)
Batting: LHB Enrique Oropeza 0-0: Called Strike
Troy Gallagher is caught stealing 2nd base 2-6
Top of the 1st over - 0 runs, 1 hit, 0 errors, 0 left on base; Dayton 0 - South Bend 0
BOTTOM OF THE 1ST
South Bend Cubs batting - Pitching for Dayton Dragons : LHP David Jolly
Pitching: LHP David Jolly
Batting: LHB Nigel Foster 0-0: SOLO HOME RUN (Flyball, 9LD, EV 95.6 MPH), Distance : 351 ft
Batting: RHB Tristan Greenwood 0-0: Called Strike
0-1: Ball
1-1: Foul Ball, location: 2F
1-2: Ball
2-2: Strikes out swinging
Batting: RHB Jim Worsham 0-0: Called Strike
0-1: Ball
1-1: Swinging Strike
1-2: Ball
2-2: Ball
3-2: Foul Ball, location: 2F
3-2: Fly out, F6 (Line Drive, 6D, EV 68.8 MPH)
Batting: SHB David Green 0-0: SINGLE (Groundball, 4MD, EV 104.4 MPH)
Batting: RHB Joel Gosselin 0-0: Foul Ball, location: 9LSF
0-1: Fly out, F9 (Flyball, 89M, EV 81.9 MPH)
Bottom of the 1st over - 1 run, 2 hits, 0 errors, 1 left on base; Dayton 0 - South Bend 1
TOP OF THE 2ND
Dayton Dragons batting - Pitching for South Bend Cubs : LHP Jim Unknown
Batting: LHB Enrique Oropeza 0-0: Ball
1-0: Called Strike
1-1: SINGLE (Groundball, 4, EV 86.3 MPH)
Batting: RHB Jeff Horn 0-0: Called Strike
0-1: Foul Ball, location: 2F
0-2: Ball
1-2: Fly out, F3 (Popup, 3SF, EV 82.5 MPH)
Batting: RHB Antonio Villasenor 0-0: Ball
1-0: Ball
2-0: Swinging Strike
2-1: Fly out, F7 (Flyball, 7LM, EV 94.4 MPH)
Batting: LHB Josh Southerland 0-0: Fielders Choice at 2nd, 5-4 (Groundball, 56, EV 81.9 MPH)
Top of the 2nd over - 0 runs, 1 hit, 0 errors, 1 left on base; Dayton 0 - South Bend 1
BOTTOM OF THE 2ND
South Bend Cubs batting - Pitching for Dayton Dragons : LHP David Jolly
Batting: LHB Paul Starmer 0-0: Called Strike
0-1: Ball
1-1: Ball
2-1: Foul Ball, location: 7LSF
2-2: Strikes out swinging
Batting: RHB Mike Bryant 0-0: Ball
1-0: Foul Ball, location: 3FF
1-1: Ground out 6-3 (Groundball, 56, EV 101.9 MPH)
Batting: LHB Vic Payne 0-0: Called Strike
0-1: Called Strike
0-2: Ball
1-2: Ball
2-2: Ball
3-2: Fly out, F7 (Flyball, 78D, EV 102.5 MPH)
Bottom of the 2nd over - 0 runs, 0 hits, 0 errors, 0 left on base; Dayton 0 - South Bend 1
TOP OF THE 3RD
Dayton Dragons batting - Pitching for South Bend Cubs : LHP Jim Unknown
Batting: LHB Kevin Martin 0-0: Ball
1-0: Foul Ball, location: 2F
1-1: Swinging Strike
1-2: Ball
2-2: Foul Ball, location: 7LSF
2-2: Ball
3-2: Foul Ball, location: 5FF
3-2: Foul Ball, location: 7LMF
3-2: Strikes out swinging
Batting: RHB Leo Lozoya 0-0: Ball
1-0: Ball
2-0: SINGLE (Groundball, 4D, EV 97.5 MPH)
Batting: LHB Liosvany Koehler 0-0: Ball
1-0: Fly out, F9 (Flyball, 9LS, EV 86.9 MPH)
Batting: LHB Troy Gallagher 0-0: Ball
1-0: Called Strike
1-1: Swinging Strike
1-2: DOUBLE (Flyball, 78XD, EV 97.5 MPH)
Leo Lozoya to third
Batting: SHB Ray Bennett 0-0: Ball
1-0: Called Strike
1-1: Fly out, F7 (Flyball, 78S, EV 90.6 MPH)
Top of the 3rd over - 0 runs, 2 hits, 0 errors, 2 left on base; Dayton 0 - South Bend 1
BOTTOM OF THE 3RD
South Bend Cubs batting - Pitching for Dayton Dragons : LHP David Jolly
Batting: RHB Jason Hassinger 0-0: Ball
1-0: Ball
2-0: Called Strike
2-1: SINGLE (Flyball, 89S, EV 87.5 MPH)
Batting: LHB Nigel Foster 0-0: Bunted foul
0-1: Ball
1-1: Sac Bunt to P - play at first, batter OUT! 1-4
Jason Hassinger to second
Batting: RHB Tristan Greenwood 0-0: Ball
1-0: Ball
2-0: Called Strike
2-1: Ball
3-1: Called Strike
3-2: Strikes out swinging passed ball, reaches first!
Jason Hassinger to third
Batting: RHB Jim Worsham 0-0: Ball
Wild Pitch!
Jason Hassinger scores
Tristan Greenwood to second
1-0: Ball
2-0: Ball
3-0: Called Strike
3-1: DOUBLE (Flyball, 8RXD, EV 96.3 MPH)
Tristan Greenwood scores
Batting: SHB David Green 0-0: Called Strike
0-1: Foul Ball, location: 2F
0-2: Ball
1-2: Foul Ball, location: 2F
1-2: Ball
2-2: Fly out, F4 (Popup, 13, EV 90.6 MPH)
Batting: RHB Joel Gosselin 0-0: Swinging Strike
0-1: Ball
1-1: Ball
2-1: Foul Ball, location: 7LSF
2-2: Ground out U3 (Groundball, 34S, EV 81.3 MPH)
Bottom of the 3rd over - 2 runs, 2 hits, 0 errors, 1 left on base; Dayton 0 - South Bend 3
TOP OF THE 4TH
Dayton Dragons batting - Pitching for South Bend Cubs : LHP Jim Unknown
Batting: LHB Enrique Oropeza 0-0: Ball
1-0: SINGLE (Line Drive, 9S, EV 104.4 MPH)
Batting: RHB Jeff Horn 0-0: Reached on error, E6 (Groundball, 6, EV 109.4 MPH)
Enrique Oropeza to second
Batting: RHB Antonio Villasenor 0-0: Called Strike
0-1: Foul Ball, location: 3F
0-2: Ball
1-2: Ball
2-2: Ball
3-2: Fielders Choice at 2nd, 3-6 (Groundball, 34, EV 85.0 MPH)
Enrique Oropeza to third
Batting: LHB Josh Southerland 0-0: Ball
1-0: Called Strike
1-1: Foul Ball, location: 3F
1-2: Ball
2-2: Foul Ball, location: 2F
2-2: Foul Ball, location: 7LSF
2-2: Foul Ball, location: 2F
2-2: Fly out, F8 (Flyball, 8RXD, EV 96.9 MPH)
Runner from 3rd tags up, SCORES, no throw by CF
Batting: LHB Kevin Martin 0-0: Ball
1-0: Fielders Choice at 2nd, 6-4 (Groundball, 6, EV 110.0 MPH)
Top of the 4th over - 1 run, 1 hit, 1 error, 1 left on base; Dayton 1 - South Bend 3
BOTTOM OF THE 4TH
South Bend Cubs batting - Pitching for Dayton Dragons : LHP David Jolly
Batting: LHB Paul Starmer 0-0: Ball
1-0: Ball
2-0: Ball
3-0: Called Strike
3-1: Base on Balls
Batting: RHB Mike Bryant 0-0: Ball
1-0: Fielders Choice at 2nd, 1-6 (Groundball, 34S, EV 61.3 MPH)
Batting: LHB Vic Payne 0-0: SINGLE (Line Drive, 7S, EV 108.8 MPH)
Mike Bryant to second
Mike Bryant to third
Batting: RHB Jason Hassinger 0-0: Called Strike
0-1: Ball
1-1: Called Strike
1-2: Strikes out swinging
Batting: LHB Nigel Foster 0-0: Swinging Strike
0-1: Swinging Strike
0-2: Foul Ball, location: 2F
0-2: Strikes out swinging
Bottom of the 4th over - 0 runs, 1 hit, 0 errors, 2 left on base; Dayton 1 - South Bend 3
TOP OF THE 5TH
Dayton Dragons batting - Pitching for South Bend Cubs : LHP Jim Unknown
Batting: RHB Leo Lozoya 0-0: Called Strike
0-1: Foul Ball, location: 2RF
0-2: Fly out, F7 (Flyball, 7D, EV 95.6 MPH)
Batting: LHB Liosvany Koehler 0-0: Ball
1-0: Ball
2-0: Ball
3-0: Base on Balls
Batting: LHB Troy Gallagher 0-0: Called Strike
0-1: 2-RUN HOME RUN (Flyball, 78XD, EV 101.9 MPH), Distance : 422 ft
Batting: SHB Ray Bennett 0-0: Called Strike
0-1: Called Strike
0-2: Foul Ball, location: 23F
0-2: Foul Ball, location: 9LDF
0-2: Foul Ball, location: 9LSF
0-2: Foul Ball, location: 2F
0-2: Foul Ball, location: 9LSF
0-2: Ground out 5-3 (Groundball, 15, EV 83.1 MPH)
Batting: LHB Enrique Oropeza 0-0: Called Strike
0-1: Ball
1-1: Ball
2-1: Ball
3-1: Ground out 4-3 (Groundball, 4, EV 83.1 MPH)
Top of the 5th over - 2 runs, 1 hit, 0 errors, 0 left on base; Dayton 3 - South Bend 3
BOTTOM OF THE 5TH
South Bend Cubs batting - Pitching for Dayton Dragons : LHP David Jolly
Batting: RHB Tristan Greenwood 0-0: Called Strike
0-1: Ground out 6-3 (Groundball, 56D, EV 98.1 MPH)
Batting: RHB Jim Worsham 0-0: Ball
1-0: Ball
2-0: Ball
3-0: Foul Ball, location: 2F
3-1: Base on Balls
Batting: SHB David Green 0-0: Called Strike
0-1: Foul Ball, location: 2RF
0-2: Ball
1-2: Strikes out swinging
Batting: RHB Joel Gosselin 0-0: Called Strike
0-1: Foul Ball, location: 2F
0-2: Ball
1-2: Ball
2-2: Ball
3-2: Base on Balls
Jim Worsham to second
Pitching: RHP Richard Sosa
Batting: LHB Paul Starmer 0-0: Ball
1-0: Swinging Strike
1-1: Ball
2-1: Foul Ball, location: 3DF
2-2: DOUBLE (Line Drive, 89M, EV 99.4 MPH)
Jim Worsham scores
Joel Gosselin to third
Batting: RHB Mike Bryant 0-0: Ball
1-0: Ball
2-0: Called Strike
2-1: Fly out, F9 (Flyball, 89D, EV 105.6 MPH)
Bottom of the 5th over - 1 run, 1 hit, 0 errors, 2 left on base; Dayton 3 - South Bend 4
TOP OF THE 6TH
Dayton Dragons batting - Pitching for South Bend Cubs : LHP Jim Unknown
Batting: RHB Jeff Horn 0-0: Ball
1-0: Ball
2-0: Ball
3-0: Called Strike
3-1: Base on Balls
Batting: RHB Antonio Villasenor 0-0: Ball
Wild Pitch!
Jeff Horn to second
1-0: Ball
2-0: Foul Ball, location: 7LSF
2-1: Ball
3-1: Base on Balls
Batting: LHB Josh Southerland 0-0: Called Strike
0-1: Fielders Choice at 2nd, 2-4 (Groundball, 15S, EV 71.3 MPH)
Jeff Horn to third
Pinch Hitting: RHB Justin Allan 0-0: SINGLE (Groundball, 6MD, EV 95.0 MPH)
Jeff Horn scores
Josh Southerland to second
Batting: RHB Leo Lozoya 0-0: Foul Ball, location: 9LSF
0-1: Ball
1-1: Ball
2-1: 3-RUN HOME RUN (Flyball, 78XD, EV 111.9 MPH), Distance : 446 ft
Pitching: RHP Jim Unknown
Batting: LHB Liosvany Koehler 0-0: Ball
1-0: Ball
2-0: Foul Ball, location: 2F
2-1: Called Strike
2-2: Ball
3-2: Fly out, F9 (Flyball, 9LM, EV 90.0 MPH)
Batting: LHB Troy Gallagher 0-0: Called Strike
0-1: Ball
1-1: Ball
2-1: Foul Ball, location: 7LSF
2-2: Ball
3-2: Strikes out swinging
Top of the 6th over - 4 runs, 2 hits, 0 errors, 0 left on base; Dayton 7 - South Bend 4
BOTTOM OF THE 6TH
South Bend Cubs batting - Pitching for Dayton Dragons : RHP Richard Sosa
Now in LF: Scott Guinan
Batting: LHB Vic Payne 0-0: Foul Ball, location: 7LMF
0-1: SINGLE (Line Drive, 56, EV 100.0 MPH)
Batting: RHB Jason Hassinger 0-0: Foul Ball, location: 2F
0-1: Swinging Strike
0-2: Ball
1-2: Ball
2-2: Strikes out swinging
Batting: LHB Nigel Foster 0-0: Foul Ball, location: 7LDF
0-1: Ball
1-1: Ball
2-1: Ball
3-1: Foul Ball, location: 9LSFF
3-2: Strikes out swinging
Batting: RHB Tristan Greenwood 0-0: Ball
1-0: Ball
2-0: Foul Ball, location: 5SF
2-1: Foul Ball, location: 2F
2-2: SINGLE (Line Drive, 9S, EV 101.9 MPH)
Vic Payne to second
Batting: RHB Jim Worsham 0-0: Ball
1-0: Ground out U3 (Groundball, 3S, EV 83.8 MPH)
Bottom of the 6th over - 0 runs, 2 hits, 0 errors, 2 left on base; Dayton 7 - South Bend 4
TOP OF THE 7TH
Dayton Dragons batting - Pitching for South Bend Cubs : RHP Jim Unknown
Batting: SHB Ray Bennett 0-0: Ball
1-0: Called Strike
1-1: Ball
2-1: Foul Ball, location: 2F
2-2: SINGLE (Line Drive, 4MD, EV 102.5 MPH)
Batting: LHB Enrique Oropeza 0-0: Ball
1-0: Ball
2-0: Ball
3-0: Foul Ball, location: 2F
3-1: Foul Ball, location: 25F
3-2: Strikes out swinging
Batting: RHB Jeff Horn 0-0: Called Strike
0-1: Called Strike
0-2: SINGLE (Line Drive, 8LS, EV 103.1 MPH)
Ray Bennett to second
Batting: RHB Antonio Villasenor 0-0: Ball
1-0: Called Strike
1-1: Foul Ball, location: 3SF
1-2: SINGLE (Groundball, 4D, EV 97.5 MPH)
Ray Bennett to third
Jeff Horn to second
Batting: LHB Josh Southerland 0-0: Ball
1-0: Ball
2-0: Called Strike
2-1: Fly out, F9 (Flyball, 9LS, EV 75.6 MPH)
Batting: LHB Scott Guinan 0-0: Ball
1-0: Called Strike
1-1: Foul Ball, location: 7LSF
1-2: Fly out, F8 (Line Drive, 8RD, EV 103.8 MPH)
Top of the 7th over - 0 runs, 3 hits, 0 errors, 3 left on base; Dayton 7 - South Bend 4
BOTTOM OF THE 7TH
South Bend Cubs batting - Pitching for Dayton Dragons : RHP Richard Sosa
Now at 1B: Jacob Morrow
Now at 3B: Daniel Salinas
Batting: SHB David Green 0-0: Called Strike
0-1: Ball
1-1: Foul Ball, location: 3F
1-2: Strikes out swinging
Batting: RHB Joel Gosselin 0-0: Called Strike
0-1: Fly out, F8 (Line Drive, 89D, EV 93.8 MPH)
Batting: LHB Paul Starmer 0-0: Called Strike
0-1: Ball
1-1: Called Strike
1-2: Ball
2-2: Strikes out swinging
Bottom of the 7th over - 0 runs, 0 hits, 0 errors, 0 left on base; Dayton 7 - South Bend 4
TOP OF THE 8TH
Dayton Dragons batting - Pitching for South Bend Cubs : RHP Jim Unknown
Batting: RHB Leo Lozoya 0-0: Ball
1-0: Called Strike
1-1: Foul Ball, location: 5F
1-2: Strikes out looking
Batting: LHB Liosvany Koehler 0-0: Ball
1-0: Called Strike
1-1: Ball
2-1: Ball
3-1: Base on Balls
Pitching: LHP Jim Unknown
Batting: LHB Troy Gallagher 0-0: Ball
1-0: Called Strike
1-1: Ball
2-1: Ball
3-1: DOUBLE (Line Drive, 9LM, EV 106.9 MPH)
Liosvany Koehler to third
Runner from 3rd tries for Home, SAFE, no throw by RF
Batting: SHB Ray Bennett 0-0: Ball
1-0: Ball
2-0: Ground out 4-3 (Groundball, 4, EV 78.8 MPH)
Troy Gallagher to third
Batting: LHB Enrique Oropeza 0-0: Ball
1-0: Called Strike
1-1: Swinging Strike
1-2: Foul Ball, location: 2F
1-2: Strikes out looking
Top of the 8th over - 1 run, 1 hit, 0 errors, 1 left on base; Dayton 8 - South Bend 4
BOTTOM OF THE 8TH
South Bend Cubs batting - Pitching for Dayton Dragons : RHP Richard Sosa
Batting: RHB Mike Bryant 0-0: Ball
1-0: Foul Ball, location: 23F
1-1: SINGLE (Line Drive, 7LS, EV 94.4 MPH)
Batting: LHB Vic Payne 0-0: Called Strike
0-1: Called Strike
0-2: Foul Ball, location: 7LSF
0-2: Grounds into double play, 4-6-3 (Groundball, 4, EV 82.5 MPH)
Batting: RHB Jason Hassinger 0-0: Ball
1-0: Called Strike
1-1: Ball
2-1: Ball
3-1: Called Strike
3-2: Base on Balls
Pitching: RHP Rich Chene
Batting: LHB Nigel Foster 0-0: Foul Ball, location: 25F
0-1: Foul Ball, location: 9LSF
0-2: Ball
1-2: Ground out 4-3 (Groundball, 4, EV 103.1 MPH)
Bottom of the 8th over - 0 runs, 1 hit, 0 errors, 1 left on base; Dayton 8 - South Bend 4
TOP OF THE 9TH
Dayton Dragons batting - Pitching for South Bend Cubs : LHP Jim Unknown
Batting: RHB Jeff Horn 0-0: Ball
1-0: Ground out 4-3 (Groundball, 34, EV 77.5 MPH)
Batting: RHB Jacob Morrow 0-0: Foul Ball, location: 2F
0-1: Ball
1-1: Ball
2-1: Ball
3-1: SINGLE (Flyball, 8RS, EV 90.6 MPH) - OUT at second base trying to stretch hit.
Batting: RHB Daniel Salinas 0-0: Swinging Strike
0-1: Called Strike
0-2: Fly out, F8 (Flyball, 8LXD, EV 89.4 MPH)
Top of the 9th over - 0 runs, 1 hit, 0 errors, 0 left on base; Dayton 8 - South Bend 4
BOTTOM OF THE 9TH
South Bend Cubs batting - Pitching for Dayton Dragons : RHP Rich Chene
Batting: RHB Tristan Greenwood 0-0: Ball
1-0: Swinging Strike
1-1: Ball
2-1: Foul Ball, location: 2F
2-2: Ball
3-2: Foul Ball, location: 2F
3-2: Strikes out swinging
Batting: RHB Jim Worsham 0-0: Ball
1-0: Ball
2-0: Called Strike
2-1: Foul Ball, location: 2F
2-2: Strikes out swinging, 2-3 out at first.
Batting: SHB David Green 0-0: Ball
1-0: Swinging Strike
1-1: Ground out 4-3 (Groundball, 34, EV 94.4 MPH)
Bottom of the 9th over - 0 runs, 0 hits, 0 errors, 0 left on base; Dayton 8 - South Bend 4
Saturday, May 4th , 2024 - OOTP Baseball 24.11 Build 85